TOP OF THE 1ST |
South Bend Cubs batting - Pitching for Peoria Chiefs : LHP Nigel Turner
|
Pitching: LHP Nigel Turner
|
|
Batting: RHB Andy Huntley
|
0-0: Called Strike 0-1: Ball 1-1: Ball 2-1: Swinging Strike 2-2: Ball 3-2: Base on Balls
|
Batting: LHB Kwang-chih Men
|
0-0: Ball 1-0: Ball 2-0: Called Strike 2-1: SINGLE (Flyball, 5D, EV 86.9 MPH) Andy Huntley to second
|
Batting: RHB Taylor Garofalo
|
0-0: Ball 1-0: Ball 2-0: Foul Ball, location: 2F 2-1: Ball 3-1: Called Strike 3-2: Grounds into double play, 4-6-3 (Groundball, 34D, EV 84.4 MPH) Andy Huntley to third
|
Batting: RHB Roy Battist
|
0-0: Foul Ball, location: 2F 0-1: Foul Ball, location: 2F 0-2: Strikes out looking
|
Top of the 1st over - 0 runs, 1 hit, 0 errors, 1 left on base; South Bend 0 - Peoria 0 |
BOTTOM OF THE 1ST |
Peoria Chiefs batting - Pitching for South Bend Cubs : RHP Melvin Orengo
|
Pitching: RHP Melvin Orengo
|
|
Batting: LHB Tsutomu Miyahara
|
0-0: Ball 1-0: Ball 2-0: Ball 3-0: Foul Ball, location: 2F 3-1: Foul Ball, location: 2F 3-2: Ground out U3 (Groundball, 3, EV 92.5 MPH)
|
Batting: RHB Joe LaDue
|
0-0: Ball 1-0: Ball 2-0: Called Strike 2-1: Foul Ball, location: 2F 2-2: Ball 3-2: SINGLE (Groundball, 25, EV 66.9 MPH) (infield hit)
|
Batting: SHB Gerardo Macias
|
0-0: Ball 1-0: Swinging Strike 1-1: Ball 2-1: Fly out, F5 (Popup, 5SF, EV 67.5 MPH)
|
Batting: RHB Andres Mendiola
|
0-0: Called Strike 0-1: Ball 1-1: Called Strike 1-2: Foul Ball, location: 2F 1-2: Strikes out swinging
|
Bottom of the 1st over - 0 runs, 1 hit, 0 errors, 1 left on base; South Bend 0 - Peoria 0 |
TOP OF THE 2ND |
South Bend Cubs batting - Pitching for Peoria Chiefs : LHP Nigel Turner
|
Batting: RHB Han-seung Hah
|
0-0: Foul Ball, location: 2F 0-1: Ball 1-1: Ball 2-1: Foul Ball, location: 2F 2-2: Foul Ball, location: 2F 2-2: Strikes out looking
|
Batting: RHB Juan Bonilla
|
0-0: Foul Ball, location: 2F 0-1: Swinging Strike 0-2: Ball 1-2: Foul Ball, location: 2F 1-2: Strikes out swinging, 2-3 out at first.
|
Batting: RHB Dylan Burke
|
0-0: Ball 1-0: Ball 2-0: Foul Ball, location: 2F 2-1: Swinging Strike 2-2: Foul Ball, location: 2F 2-2: Strikes out swinging
|
Top of the 2nd over - 0 runs, 0 hits, 0 errors, 0 left on base; South Bend 0 - Peoria 0 |
BOTTOM OF THE 2ND |
Peoria Chiefs batting - Pitching for South Bend Cubs : RHP Melvin Orengo
|
Batting: RHB Ricky Yerzy
|
0-0: Ball 1-0: Ball 2-0: Called Strike 2-1: Swinging Strike 2-2: Strikes out swinging
|
Batting: LHB Jorge Zarazua
|
0-0: Ball 1-0: Ball 2-0: Called Strike 2-1: Foul Ball, location: 2F 2-2: Ball 3-2: Ground out 1-3 (Groundball, 15S, EV 65.6 MPH)
|
Batting: RHB Pat Scaturro
|
0-0: Ball 1-0: Ball 2-0: Ball 3-0: Called Strike 3-1: Fly out, F7 (Line Drive, 7LM, EV 98.8 MPH)
|
Bottom of the 2nd over - 0 runs, 0 hits, 0 errors, 0 left on base; South Bend 0 - Peoria 0 |
TOP OF THE 3RD |
South Bend Cubs batting - Pitching for Peoria Chiefs : LHP Nigel Turner
|
Batting: LHB Adam Conover
|
0-0: Called Strike 0-1: Foul Ball, location: 2F 0-2: Ball 1-2: Ground out 5-3 (Groundball, 56, EV 91.2 MPH)
|
Batting: RHB Hugo Torrez
|
0-0: Ball 1-0: Called Strike 1-1: Fly out, F2 (Popup, 2LF, EV 81.9 MPH)
|
Batting: RHB Andy Huntley
|
0-0: Ball 1-0: Ball 2-0: Ball 3-0: Called Strike 3-1: Base on Balls
|
Batting: LHB Kwang-chih Men
|
0-0: Called Strike 0-1: Ball 1-1: Ball 2-1: Foul Ball, location: 2F 2-2: SINGLE (Groundball, 13, EV 83.8 MPH) (infield hit) Andy Huntley to second
|
Batting: RHB Taylor Garofalo
|
0-0: Ball 1-0: Swinging Strike 1-1: Swinging Strike 1-2: Ball 2-2: Foul Ball, location: 2F 2-2: Foul Ball, location: 2F 2-2: Strikes out swinging
|
Top of the 3rd over - 0 runs, 1 hit, 0 errors, 2 left on base; South Bend 0 - Peoria 0 |
BOTTOM OF THE 3RD |
Peoria Chiefs batting - Pitching for South Bend Cubs : RHP Melvin Orengo
|
Batting: LHB Ken Compton
|
0-0: SINGLE (Groundball, 3, EV 96.2 MPH)
|
Batting: RHB Tim Cleary
|
0-0: Foul Ball, location: 2F 0-1: Ball 1-1: SINGLE (Line Drive, 34D, EV 103.8 MPH) Ken Compton to second Runner from 2nd tries for 3rd, OUT! 9-5
|
Batting: LHB Tsutomu Miyahara
|
0-0: SINGLE (Groundball, 34, EV 106.2 MPH) Tim Cleary to second Runner from 2nd tries for 3rd, OUT! 9-5
|
Batting: RHB Joe LaDue
|
0-0: Called Strike 0-1: Ball 1-1: Called Strike 1-2: Ball Tsutomu Miyahara is caught stealing 2nd base 2-4
|
Bottom of the 3rd over - 0 runs, 3 hits, 0 errors, 0 left on base; South Bend 0 - Peoria 0 |
TOP OF THE 4TH |
South Bend Cubs batting - Pitching for Peoria Chiefs : LHP Nigel Turner
|
Batting: RHB Roy Battist
|
0-0: Swinging Strike 0-1: Ball 1-1: Ball 2-1: Foul Ball, location: 2F 2-2: Foul Ball, location: 2F 2-2: Foul Ball, location: 2F 2-2: Foul Ball, location: 2F 2-2: Foul Ball, location: 2F 2-2: Foul Ball, location: 2F 2-2: Strikes out swinging
|
Batting: RHB Han-seung Hah
|
0-0: Ball 1-0: Ball 2-0: Foul Ball, location: 2F 2-1: Foul Ball, location: 2F 2-2: Strikes out swinging, 2-3 out at first.
|
Batting: RHB Juan Bonilla
|
0-0: Ball 1-0: Called Strike 1-1: Swinging Strike 1-2: Ball 2-2: Strikes out swinging
|
Top of the 4th over - 0 runs, 0 hits, 0 errors, 0 left on base; South Bend 0 - Peoria 0 |
BOTTOM OF THE 4TH |
Peoria Chiefs batting - Pitching for South Bend Cubs : RHP Melvin Orengo
|
Batting: RHB Joe LaDue
|
0-0: Ground out U3 (Groundball, 3L, EV 96.9 MPH)
|
Batting: SHB Gerardo Macias
|
0-0: Ball 1-0: Ball 2-0: Foul Ball, location: 2F 2-1: Foul Ball, location: 2F 2-2: Ball 3-2: Base on Balls
|
Batting: RHB Andres Mendiola
|
0-0: Called Strike 0-1: Ball 1-1: SINGLE (Groundball, 56, EV 98.8 MPH) Gerardo Macias to second
|
Batting: RHB Ricky Yerzy
|
0-0: Ball 1-0: Ball Wild Pitch! Gerardo Macias to third Andres Mendiola to second 2-0: Ball 3-0: Base on Balls
|
Batting: LHB Jorge Zarazua
|
0-0: Called Strike 0-1: Called Strike 0-2: Foul Ball, location: 2F 0-2: Foul Ball, location: 2F 0-2: Strikes out swinging
|
Batting: RHB Pat Scaturro
|
0-0: GRAND SLAM HOME RUN (Line Drive, 7D, EV 99.4 MPH), Distance : 381 ft
|
Batting: LHB Ken Compton
|
0-0: Called Strike 0-1: Called Strike 0-2: Ball 1-2: Foul Ball, location: 2F 1-2: Ball 2-2: Foul Ball, location: 2F 2-2: Foul Ball, location: 2F 2-2: Ball 3-2: Strikes out swinging
|
Bottom of the 4th over - 4 runs, 2 hits, 0 errors, 0 left on base; South Bend 0 - Peoria 4 |
TOP OF THE 5TH |
South Bend Cubs batting - Pitching for Peoria Chiefs : LHP Nigel Turner
|
Batting: RHB Dylan Burke
|
0-0: Ball 1-0: Called Strike 1-1: Ball 2-1: Ball 3-1: Ground out 5-3 (Groundball, 56, EV 103.8 MPH)
|
Batting: LHB Adam Conover
|
0-0: Called Strike 0-1: Ball 1-1: Ball 2-1: Swinging Strike 2-2: Foul Ball, location: 2F 2-2: Ball 3-2: Strikes out swinging
|
Batting: RHB Hugo Torrez
|
0-0: Called Strike 0-1: Swinging Strike 0-2: Ball 1-2: Foul Ball, location: 2F 1-2: Ball 2-2: Strikes out swinging
|
Top of the 5th over - 0 runs, 0 hits, 0 errors, 0 left on base; South Bend 0 - Peoria 4 |
BOTTOM OF THE 5TH |
Peoria Chiefs batting - Pitching for South Bend Cubs : RHP Melvin Orengo
|
Batting: RHB Tim Cleary
|
0-0: Foul Ball, location: 2F 0-1: Ball 1-1: SINGLE (Groundball, 56S, EV 73.8 MPH) (infield hit)
|
Batting: LHB Tsutomu Miyahara
|
0-0: Ball 1-0: Fly out, F9 (Flyball, 9LM, EV 96.9 MPH)
|
Pitching: RHP Velimir Sljivancanin
|
|
Batting: RHB Joe LaDue
|
0-0: Called Strike Tim Cleary steals 2nd base (no throw) 0-1: Ball Tim Cleary steals 3rd base 1-1: Called Strike 1-2: Fly out, F9 (Flyball, 9D, EV 82.5 MPH) Runner from 3rd tags up, SCORES, no throw by RF
|
Batting: SHB Gerardo Macias
|
0-0: Ball 1-0: Ball 2-0: Ball 3-0: Base on Balls
|
Batting: RHB Andres Mendiola
|
0-0: Foul Ball, location: 2F 0-1: Ball Gerardo Macias is caught stealing 2nd base 2-4
|
Bottom of the 5th over - 1 run, 1 hit, 0 errors, 0 left on base; South Bend 0 - Peoria 5 |
TOP OF THE 6TH |
South Bend Cubs batting - Pitching for Peoria Chiefs : LHP Nigel Turner
|
Batting: RHB Andy Huntley
|
0-0: Foul Ball, location: 2F 0-1: Ball 1-1: Called Strike 1-2: Ball 2-2: Strikes out swinging
|
Batting: LHB Kwang-chih Men
|
0-0: Called Strike 0-1: Ball 1-1: Fly out, F7 (Flyball, 78S, EV 79.4 MPH)
|
Batting: RHB Taylor Garofalo
|
0-0: Ball 1-0: Called Strike 1-1: Ball 2-1: Foul Ball, location: 2F 2-2: SINGLE (Line Drive, 34D, EV 93.8 MPH)
|
Batting: RHB Roy Battist
|
0-0: TRIPLE (Line Drive, 89XD, EV 102.5 MPH) Taylor Garofalo scores
|
Pitching: RHP Javy Balderrama
|
|
Batting: RHB Han-seung Hah
|
0-0: Ball 1-0: Called Strike 1-1: Foul Ball, location: 2F 1-2: Ball 2-2: Ball 3-2: Base on Balls
|
Batting: RHB Juan Bonilla
|
0-0: Ball 1-0: Ball 2-0: Called Strike 2-1: Called Strike 2-2: Foul Ball, location: 2F 2-2: Strikes out swinging
|
Top of the 6th over - 1 run, 2 hits, 0 errors, 2 left on base; South Bend 1 - Peoria 5 |
BOTTOM OF THE 6TH |
Peoria Chiefs batting - Pitching for South Bend Cubs : RHP Velimir Sljivancanin
|
Batting: RHB Andres Mendiola
|
0-0: Called Strike 0-1: Foul Ball, location: 2F 0-2: Ball 1-2: Ground out 5-3 (Groundball, 56, EV 85.6 MPH)
|
Batting: RHB Ricky Yerzy
|
0-0: Ball 1-0: Ball 2-0: Foul Ball, location: 2F 2-1: Fly out, F4 (Flyball, 34D, EV 88.1 MPH)
|
Batting: LHB Jorge Zarazua
|
0-0: Called Strike 0-1: Swinging Strike 0-2: Ball 1-2: SINGLE (Groundball, 4MD, EV 95.0 MPH)
|
Batting: RHB Pat Scaturro
|
0-0: Foul Ball, location: 2F 0-1: Ball 1-1: Swinging Strike 1-2: Ball 2-2: Ball 3-2: Strikes out looking
|
Bottom of the 6th over - 0 runs, 1 hit, 0 errors, 1 left on base; South Bend 1 - Peoria 5 |
TOP OF THE 7TH |
South Bend Cubs batting - Pitching for Peoria Chiefs : RHP Javy Balderrama
|
Batting: RHB Dylan Burke
|
0-0: Called Strike 0-1: Ball 1-1: Swinging Strike 1-2: Foul Ball, location: 2F 1-2: Strikes out looking
|
Batting: LHB Adam Conover
|
0-0: Ball 1-0: Ground out 4-3 (Groundball, 13, EV 75.6 MPH)
|
Batting: RHB Hugo Torrez
|
0-0: Called Strike 0-1: Foul Ball, location: 2F 0-2: SINGLE (Groundball, 56D, EV 104.4 MPH)
|
Batting: RHB Andy Huntley
|
0-0: Foul Ball, location: 2F 0-1: Ball 1-1: Called Strike Hugo Torrez is caught stealing 2nd base 2-4
|
Top of the 7th over - 0 runs, 1 hit, 0 errors, 0 left on base; South Bend 1 - Peoria 5 |
BOTTOM OF THE 7TH |
Peoria Chiefs batting - Pitching for South Bend Cubs : RHP Velimir Sljivancanin
|
Pitching: LHP Eddie Panagos
|
|
Batting: LHB Ken Compton
|
0-0: Ground out 4-3 (Groundball, 4, EV 86.2 MPH)
|
Batting: RHB Tim Cleary
|
0-0: Ground out 3-1 (Groundball, 34, EV 95.6 MPH)
|
Batting: LHB Tsutomu Miyahara
|
0-0: Ground out 6-3 (Groundball, 4MD, EV 84.4 MPH)
|
Bottom of the 7th over - 0 runs, 0 hits, 0 errors, 0 left on base; South Bend 1 - Peoria 5 |
TOP OF THE 8TH |
South Bend Cubs batting - Pitching for Peoria Chiefs : RHP Javy Balderrama
|
Pitching: RHP Juan Gomez
|
|
Batting: RHB Andy Huntley
|
0-0: Called Strike 0-1: Swinging Strike 0-2: Ball 1-2: DOUBLE (Groundball, 5L, EV 103.8 MPH)
|
Batting: LHB Kwang-chih Men
|
0-0: Called Strike 0-1: Ball 1-1: Ball 2-1: Ground out 6-3 (Groundball, 6, EV 103.1 MPH)
|
Batting: RHB Taylor Garofalo
|
0-0: Ball 1-0: Ball 2-0: Called Strike 2-1: Ground out 4-3 (Groundball, 4, EV 83.8 MPH) Andy Huntley to third
|
Batting: RHB Roy Battist
|
0-0: Ball 1-0: Ball 2-0: 2-RUN HOME RUN (Flyball, 89XD, EV 97.5 MPH), Distance : 381 ft
|
Batting: RHB Han-seung Hah
|
0-0: Fly out, F8 (Flyball, 8RD, EV 100.0 MPH)
|
Top of the 8th over - 2 runs, 2 hits, 0 errors, 0 left on base; South Bend 3 - Peoria 5 |
BOTTOM OF THE 8TH |
Peoria Chiefs batting - Pitching for South Bend Cubs : LHP Eddie Panagos
|
Batting: RHB Joe LaDue
|
0-0: Swinging Strike 0-1: Hit by Pitch
|
Batting: SHB Gerardo Macias
|
0-0: Foul Ball, location: 2F 0-1: Fielders Choice at 2nd, 6-4 (Groundball, 56, EV 84.4 MPH)
|
Batting: RHB Andres Mendiola
|
0-0: Ball 1-0: Called Strike 1-1: Foul Ball, location: 2F 1-2: Foul Ball, location: 2F 1-2: Strikes out swinging
|
Batting: RHB Ricky Yerzy
|
0-0: Ball Gerardo Macias steals 2nd base 1-0: Called Strike 1-1: Ball 2-1: Foul Ball, location: 2F 2-2: Foul Ball, location: 2F 2-2: Ball 3-2: Base on Balls
|
Batting: LHB Jorge Zarazua
|
0-0: Ball 1-0: Ground out 4-3 (Groundball, 4, EV 86.9 MPH)
|
Bottom of the 8th over - 0 runs, 0 hits, 0 errors, 2 left on base; South Bend 3 - Peoria 5 |
TOP OF THE 9TH |
South Bend Cubs batting - Pitching for Peoria Chiefs : RHP Juan Gomez
|
Pitching: LHP Logan Moultry
|
|
Now in LF: Ken Compton
|
|
Now in RF: Ben Politi
|
|
Batting: RHB Juan Bonilla
|
0-0: Foul Ball, location: 2F 0-1: Foul Ball, location: 2F 0-2: Foul Ball, location: 2F 0-2: Ball 1-2: Ball 2-2: Fly out, F4 (Popup, 34, EV 72.5 MPH)
|
Batting: RHB Dylan Burke
|
0-0: Ball 1-0: SOLO HOME RUN (Flyball, 78XD, EV 100.6 MPH), Distance : 390 ft
|
Pinch Hitting: RHB Puluke Konane
|
0-0: Ball 1-0: Ground out 5-3 (Groundball, 56, EV 93.8 MPH)
|
Batting: RHB Hugo Torrez
|
0-0: Swinging Strike 0-1: Swinging Strike 0-2: Strikes out swinging
|
Top of the 9th over - 1 run, 1 hit, 0 errors, 0 left on base; South Bend 4 - Peoria 5 |
|